 Dungeon Crawl Stone Soup version 0.28.0 (webtiles) character file.

Game seed: 4064637830802249428

91 hikkokomori the Chiller (level 4, -3/26 HPs)
             Began as a Gargoyle Wanderer on Feb 17, 2022.
             Splashed by a jelly's acid (7 damage)
             ... on level 2 of the Dungeon.
             The game lasted 00:03:55 (2537 turns).

hikkokomori the Chiller (Gargoyle Wanderer)         Turns: 2537, Time: 00:03:58

Health: -3/26      AC: -4    Str: 14    XL:     4   Next: 59%
Magic:  6/6        EV: 11    Int: 15    God:
Gold:   78         SH:  5    Dex: 10    Spells: 1/6 levels left

rFire   . . .      SeeInvis .   a - +0 quarterstaff
rCold   . . .      Faith    .   (shield currently unavailable)
rNeg    + . .      Spirit   .   c - +0 leather armour
rPois   ∞          Reflect  +   (no helmet)
rElec   +          Harm     .   b - +0 cloak
rCorr   .          Rampage  .   (no gloves)
Will    .....                   (no boots)
Stlth   +.........              j - amulet of reflection
HPRegen 0.08/turn               (no ring)
MPRegen 0.10/turn               (no ring)

@: corroded
A: sickness immunity, AC +3, negative energy resistance 1, electricity
resistance, torment resistance 1, petrification resistance
a: no special abilities


You were on level 2 of the Dungeon.
You visited 1 branch of the dungeon, and saw 2 of its levels.

You collected 78 gold pieces.

Inventory:

Hand Weapons
 a - a +0 quarterstaff (weapon)
 g - a +0 short sword of speed
Armour
 b - a +0 cloak (worn)
 c - a +0 leather armour (worn)
Jewellery
 j - an amulet of reflection (around neck)
Scrolls
 e - 4 scrolls of teleportation {unknown}
 h - a scroll of fog {unknown}
 i - 3 scrolls of identify {unknown}
 k - a scroll of blinking {unknown}
 l - a scroll of magic mapping {unknown}
 n - a scroll of immolation {unknown}
Potions
 d - a potion of magic {unknown}
 f - 2 potions of mutation {unknown}
 m - 2 potions of flight {unknown}
 o - a potion of brilliance {unknown}
 p - a potion of berserk rage {unknown}


   Skills:
 + Level 2.2 Fighting
 - Level 2.6 Staves
 - Level 1.1 Armour
 - Level 2.4 Dodging
 + Level 1.8 Spellcasting
 + Level 0.0 Transmutations
 * Level 3.2 Ice Magic


You had one spell level left.
You knew the following spells:

 Your Spells              Type           Power      Damage    Failure   Level
a - Freeze                Ice            44%        1d6       7%          1
b - Ice Form              Ice/Tmut       6%         N/A       80%         4

Your spell library contained the following spells:

 Spells                   Type           Power      Damage    Failure   Level
 Ensorcelled Hibernation  Hex/Ice        12%        N/A       22%         2


Dungeon Overview and Level Annotations

Branches:
Dungeon (2/15)

Altars:


Innate Abilities, Weirdness & Mutations

You are immune to sickness and miasma.
Your stone body is resilient. (AC +3)
You are immune to poison.
You resist negative energy. (rN+)
You are resistant to electric shocks. (rElec)
You are resistant to unholy torment.
You are immune to petrification.


Message History

An endoplasm is nearby!
The endoplasm quivers.
You hit the endoplasm.
The endoplasm is severely wounded.
The endoplasm freezes you.
You are frozen.
You hit the endoplasm.
You kill the endoplasm!
You start resting.
An endoplasm is nearby!
The endoplasm quivers.
You hit the endoplasm.
The endoplasm is moderately wounded.
The endoplasm freezes you.
You are frozen.
You hit the endoplasm.
You kill the endoplasm!
You start resting.
A jelly is nearby!
Unknown command.
Casting: Freeze (safe; 7% risk of failure)
Confirm with . or Enter, or press ? or * to list all spells.
You can't see any susceptible monsters within range! (Use Z to cast anyway.) Unknown command.
Casting: Freeze (safe; 7% risk of failure)
Confirm with . or Enter, or press ? or * to list all spells.
Okay, then.
You hit the jelly.
Your hands burn!
The jelly is moderately wounded.
The jelly hits you but does no damage.
You hit the jelly. The acid corrodes you!
Your hands burn!
The jelly is heavily wounded.
The jelly hits you but does no damage.
You hit the jelly. The acid corrodes you!
Your hands burn!
* * * LOW HITPOINT WARNING * * *
The jelly is severely wounded.
The jelly hits you.
* * * LOW HITPOINT WARNING * * *
The acid corrodes you!
You are splashed with acid!
You die...

#.###)''###....###...##..
#####...####.............
##.....###...###...##..
#.......##.............
#.......##.....(.......
#.......##....##...##..
#.......##.............
#....######...##...##†.
#....'@J###...##...##..
########.##...†#...##.#
##.J.J..###....#.......
#'####### #.......###..
#..÷..P..÷ #.......# #..
#.P.P÷.÷P. #...#...# #..
#JJJ....J. #...#...# #..
#.P...P... #.......# #..
#.JJ÷..J.. ###.....###..


You could see a jelly.

Vanquished Creatures
  2 adders (D:2)
  2 dart slugs
  A worm (D:2)
  5 ball pythons (D:1)
  6 bats
  6 endoplasms
  A giant cockroach (D:1)
  7 goblins
  3 hobgoblins
  8 jackals (D:2)
  12 kobolds
  A quokka (D:1)
  3 frilled lizards (D:1)
  3 rats (D:1)
60 creatures vanquished.

Vanquished Creatures (others)
  7 fungi (D:2)
  9 toadstools (D:2)
16 creatures vanquished.

Grand Total: 76 creatures vanquished

Notes
Turn   | Place    | Note
-------+----------+-------------------------------------------
     0 | D:1      | hikkokomori the Gargoyle Wanderer began the quest for the
                  | Orb.
     0 | D:1      | hikkokomori set off with the following items: a +0
                  | quarterstaff, a +0 cloak, a +0 leather armour; and the
                  | following spell memorised: Freeze; and the following spells
                  | available to memorise: Ensorcelled Hibernation, Ice Form
     0 | D:1      | Reached XP level 1. HP: 12/12 MP: 2/2
   393 | D:1      | Reached XP level 2. HP: 16/16 MP: 3/3
   736 | D:1      | Reached XP level 3. HP: 17/20 MP: 5/5
  1597 | D:2      | Found a faded altar of an unknown god.
  1693 | D:2      | Reached skill level 3 in Ice Magic
  1908 | D:2      | Reached XP level 4. HP: 17/26 MP: 6/6
  2365 | D:2      | Learned a level 4 spell: Ice Form
  2537 | D:2      | Splashed by a jelly's acid

Illustrated notes

Levels and vault maps discovered:
D:1:      amcnicky_arrival_flooded_fountain, layout_basic,
          minmay_misc_feat_columns, due_unseen_surprise
D:2:      cheibrodos_fertilizer, layout_basic, nicolae_ecumenical_lake_church,
          minmay_stone_trees_medium, minmay_misc_feat_hallway

Skill      XL: |  1  2  3 |
---------------+----------+-----
Fighting       | 2 |  2.2
Ice Magic      | 3 |  3.2
Staves         | |  2.6
Armour         | |  1.1
Dodging        | |  2.4
Spellcasting   | |  1.8

Action                   |  1- 3 |  4- 6 || total
-------------------------+-------+-------++-------
Melee: Quarterstaff      |   130 |    46 ||   176
 Cast: Freeze            |     1 |       ||     1
Armor: Leather armour    |    69 |    24 ||    93
Dodge: Dodged            |    84 |    24 ||   108
Block: Other             |    18 |     8 ||    26
